 Dungeon Crawl Stone Soup version 0.31-a0-369-g8eba5f6939 (webtiles) character file.

Game seed: 9408505097788483172

60 shadowstone the Stinger (level 3, -1/26 HPs)
             Began as a Draconian Venom Mage on July 28, 2023.
             Slain by an orc
             ... wielding a +0 flail
              (8 damage)
             ... on level 3 of the Dungeon.
             The game lasted 00:07:58 (1209 turns).

shadowstone the Stinger (Draconian Venom Mage)      Turns: 1209, Time: 00:07:59

Health: -1/26      AC:  7    Str: 10    XL:     3   Next: 80%
Magic:  1/7        EV: 12    Int: 17    God:
Gold:   110        SH:  0    Dex: 11    Spells: 6/7 levels left

rFire   . .          .
                       - Unarmed
rCold   . . .        (no shield)
rNeg    . . .        (body armour unavailable)
rPois   .            (helmet restricted)
rElec   .            (no cloak)
rCorr   .            i - +0 pair of gloves
SInv    .            d - +0 pair of boots
Will    .....        (no amulet)
Stlth   ++           (no ring)
HPRegen 0.24/turn    (no ring)
MPRegen 0.10/turn

%: no passive effects
@: no status effects
A: AC +5, unfitting armour, cold-blooded
a: no special abilities


You were on level 3 of the Dungeon.
You visited 1 branch of the dungeon, and saw 3 of its levels.

You collected 110 gold pieces.

Inventory:

Hand Weapons
 j - a +0 rapier
Armour
 d - a +0 pair of boots (worn)
 i - a +0 pair of gloves (worn)
Scrolls
 b - a scroll of torment {unknown}
 c - a scroll of revelation {unknown}
 e - a scroll of immolation {unknown}
 g - 2 scrolls of enchant armour {unknown}
 h - a scroll of fog {unknown}
Potions
 a - a potion of magic
 f - a potion of degeneration {unknown}


   Skills:
 + Level 0.2 Fighting
 + Level 1.9 Dodging
 + Level 1.8 Stealth
 + Level 1.2 Unarmed Combat
 * Level 2.7 Spellcasting
 + Level 1.3 Transmutations
 * Level 3.6 Poison Magic


You had 6 spell levels left.
You knew the following spells:

 Your Spells              Type           Power      Damage    Failure   Level
a - Sting                 Tmut/Pois      40%        1d5       6%          1

Your spell library contained the following spells:

 Spells                   Type           Power      Damage    Failure   Level
 Poisonous Vapours        Pois/Air       16%        N/A       13%         2
 Cigotuvi's Dreadful Rot  Necr/Pois/Air  12%        N/A       17%         2
 Ignite Poison            Fire/Tmut/Pois 7%         N/A       26%         3
 Mephitic Cloud           Conj/Pois/Air  6%         N/A       32%         3
 Olgreb's Toxic Radiance  Pois           14%        N/A       38%         4
 Freezing Cloud           Conj/Ice/Air   1%         6-21      99%         5


Dungeon Overview and Level Annotations

Branches:
Dungeon (3/15)

Altars:


Innate Abilities, Weirdness & Mutations

Your plain brown scales are hard. (AC +5)
You cannot fit into any form of body armour.
You are cold-blooded and may be slowed by cold attacks.


Message History

Confirm with . or Enter, or press ? or * to list all spells.
Aiming: Sting (safe; 7% risk of failure)
Press: ? - help, Shift-Dir - straight line, f/p - orc priest
Aim: an orc priest, wielding a +0 dagger (almost dead, extremely poisoned, 71% to hit)
The sting hits the orc priest.
The orc priest looks as sick as possible!
You kill the orc priest!
The orc hits you with a +0 dagger.
* * * LOW HITPOINT WARNING * * *
The hobgoblin barely misses you.
Casting: Sting (safe; 6% risk of failure)
Confirm with . or Enter, or press ? or * to list all spells.
You don't have enough magic to cast this spell.
Casting: Sting (safe; 6% risk of failure)
Confirm with . or Enter, or press ? or * to list all spells.
You don't know that spell.
You hit the orc but do no damage. The orc barely misses you.
The orc closely misses you. The hobgoblin hits you.
* * * LOW HITPOINT WARNING * * *
You hit the orc.
Your tail-slap misses the orc.
The orc is moderately wounded.
The hobgoblin hits you but does no damage.
The orc barely misses you. The orc hits you but does no damage.
You hit the orc but do no damage.
The orc is moderately wounded.
The hobgoblin hits you but does no damage.
The orc hits you but does no damage. x2
You closely miss the orc.
The orc is moderately wounded.
The hobgoblin closely misses you. The orc hits you but does no damage.
The orc barely misses you.
You closely miss the orc.
The orc is moderately wounded.
The hobgoblin hits you but does no damage.
The orc misses you.
You hit the orc.
You kill the orc!
The hobgoblin closely misses you. The hobgoblin misses you.
The orc hits you with a +0 flail!
You die...

#.#.# #.#.#####
... #.#.#... ..
#.#.#.####.
###.#.......#
#.....##.##.# #
#....###....#.##.
#................
########.@..#.##
#og.#....>
#.o....#.#
#.#.#.## .......#
...#.#....
...#.#.....
[..)#.# ....
....# #.


You could see 2 orcs and a hobgoblin.

Vanquished Creatures
  An orc priest (D:3)
  An adder (D:2)
  A dart slug (D:1)
  An orc (D:3)
  A ball python (D:1)
  4 bats
  3 goblins
  2 hobgoblins (D:1)
  A kobold (D:2)
  2 quokkas
  A frilled lizard (D:1)
18 creatures vanquished.

Notes
Turn   | Place    | Note
-------+----------+-------------------------------------------
     0 | D:1      | shadowstone the Draconian Venom Mage began the quest for
                  | the Orb.
     0 | D:1      | Reached XP level 1. HP: 14/14 MP: 3/3
   368 | D:1      | Reached XP level 2. HP: 20/20 MP: 1/5
  1025 | D:2      | Reached skill level 1 in Unarmed Combat
  1048 | D:2      | Reached XP level 3. HP: 20/26 MP: 1/6
  1209 | D:3      | Slain by an orc

Illustrated notes

Levels and vault maps discovered:
D:1:      dpeg_arrival_arbitrary_a, layout_loops_ring
D:2:      layout_loops_ring
D:3:      layout_basic, minmay_crystal_water

Skill      XL: |  1  2 |
---------------+-------+-----
Unarmed Combat | 1 |  1.2
Fighting       | |  0.2
Dodging        | |  1.9
Stealth        | |  1.8
Spellcasting   | |  2.7
Transmutations | |  1.3
Poison Magic   | |  3.6

Action                     || total
---------------------------++-------
  Melee: Unarmed           ||    97
         Tailslap          ||    13
   Cast: Sting             ||    23
 Armour: Skin              ||    74
  Dodge: Dodged            ||   113

Table legend: (Time is in decaauts)
 A = Elapsed time spent in this place.
 B = Non-inter-level travel time spent in this place.
 C = Inter-level travel time spent in this place.
 D = Time resting spent in this place.
 E = Time spent auto-exploring this place.
 F = Levels seen in this place.
 G = Mean time per level.
                   A        B        C        D        E       F      G
               +--------+--------+--------+--------+--------+-----+--------+
         Total |   1208 |   1208 |      0 |    248 |    104 |   3 |  402.7 |
       Dungeon |   1208 |   1208 |      0 |    248 |    104 |   3 |  402.7 |
               +--------+--------+--------+--------+--------+-----+--------+

Top non-repeatable levels by time:
     D:2: 710 daAuts
     D:1: 447 daAuts
     D:3: 51 daAuts
